 Dungeon Crawl Stone Soup version 0.27-a0-1202-ge72e49191c (webtiles) character file.

Game seed: 11074854604890858056

485 bilbop the Cudgeller (level 6, -4/56 HPs)
             Began as a Minotaur Fighter on June 4, 2021.
             Slain by a wight
             ... wielding a +4 mace of freezing
              (8 damage)
             ... on level 6 of the Dungeon.
             The game lasted 00:11:17 (3608 turns).

bilbop the Cudgeller (Minotaur Fighter)             Turns: 3608, Time: 00:11:17

Health: -4/56      AC: 12    Str: 23    XL:     6   Next: 88%
Magic:  5/5        EV:  4    Int:  5    God:
Gold:   184        SH: 10    Dex:  9    Spells: 5/5 levels left

rFire    . . .     SeeInvis .   m - +0 whip
rCold    . . .     Faith    .   c - +0 kite shield
rNeg     . . .     Spirit   .   l - +0 plate armour
rPois    .         Reflect  .   (helmet restricted)
rElec    .         Harm     .   (no cloak)
rCorr    .         Rampage  .   (no gloves)
Will     .....                  (no boots)
Stlth    ..........             e - amulet of the acrobat
HPRegen  0.18/turn              (no ring)
MPRegen  0.09/turn              (no ring)

@: no status effects
A: horns 2, retaliatory headbutt
a: no special abilities


You were on level 6 of the Dungeon.
You visited 1 branch of the dungeon, and saw 5 of its levels.

You collected 184 gold pieces.

Inventory:

Hand Weapons
 a - a +0 flail
 m - a +0 whip (weapon)
Armour
 b - a +0 scale mail
 c - a +0 kite shield (worn)
 l - a +0 plate armour (worn)
Jewellery
 e - an amulet of the acrobat (around neck)
Wands
 p - a wand of iceblast (7)
 t - a wand of charming (7)
 u - a wand of mindburst (13)
Scrolls
 f - 3 scrolls of identify {unknown}
 g - a scroll of silence {unknown}
 h - 3 scrolls of enchant weapon {unknown}
 i - a scroll of teleportation {unknown}
 j - a scroll of enchant armour {unknown}
 o - a scroll of blinking {unknown}
 r - a scroll of torment {unknown}
 s - a scroll of immolation {unknown}
 v - a scroll of acquirement {unknown}
Potions
 d - 2 potions of might
 k - a potion of mutation {unknown}
 n - 2 potions of heal wounds {unknown}
 q - 2 potions of attraction {unknown}


   Skills:
 + Level 5.3 Fighting
 * Level 5.9 Maces & Flails
 + Level 5.2 Armour
 + Level 5.3 Shields


You had 5 spell levels left.
You didn't know any spells.
Your spell library was empty.

Dungeon Overview and Level Annotations

Branches:
Dungeon (4/15)
 Temple: D:4-7

Altars:
Zin

Shops:
D:1 (   D:3 *


Innate Abilities, Weirdness & Mutations

You have a pair of horns on your head.
You reflexively headbutt those who attack you in melee.


Message History

You block the wight's attack. The wight completely misses you.
You furiously retaliate!
You headbutt the wight, but do no damage.
Items here: )) [[.
You block the wight's attack.
You hit the wight but do no damage. Your headbutt misses the wight.
The wight is moderately damaged.
The wight barely misses you. You block the wight's attack.
You barely miss the wight. Your headbutt misses the wight.
The wight is moderately damaged.
The wight hits you with a +4 mace of freezing.
* * * LOW HITPOINT WARNING * * *
The wight freezes you.
* * * LOW HITPOINT WARNING * * *
The wight hits you but does no damage.
You barely miss the wight.
The wight is moderately damaged.
The wight hits you with a +4 mace of freezing.
* * * LOW HITPOINT WARNING * * *
The wight freezes you.
* * * LOW HITPOINT WARNING * * *
The wight hits you with a +2 short sword.
* * * LOW HITPOINT WARNING * * *
You closely miss the wight. You headbutt the wight.
The wight is heavily damaged.
The wight hits you but does no damage. You block the wight's attack.
You hit the wight but do no damage. You headbutt the wight!
You destroy the wight!
The wight hits you but does no damage.
Your life force feels restored.
You closely miss the wight.
The wight is lightly damaged.
The wight hits you but does no damage.
You barely miss the wight.
The wight is lightly damaged.
The wight completely misses you.
You closely miss the wight.
The wight is lightly damaged.
The wight hits you with a +4 mace of freezing!
You die...

### #..
#.# ##.# #
..#
#.###.####
#....z...#
#≈≈.@)...#
#.!≈≈≈...#
#≈≈≈≈≈≈..#
##++#≈≈..#
#≈≈≈.#
#≈.≈.#
#≈...#
######


You could see a wight.

Vanquished Creatures
  A necrophage (D:4)
  3 wights (D:6)
  A bullfrog zombie (D:4)
  Ijyb (D:3)
  An iguana (D:4)
  7 gnolls
  4 adders
  A white imp (D:4)
  An adder skeleton (D:4)
  A dart slug (D:4)
  3 orcs (D:3)
  5 endoplasms
  3 giant cockroaches
  9 goblins
  6 hobgoblins
  8 jackals (D:2)
  2 kobolds
  3 quokkas
  6 ball pythons
  6 bats
  2 frilled lizards (D:1)
  5 rats
  A bush (D:3)
80 creatures vanquished.

Vanquished Creatures (others)
  3 plants (D:3)
  7 toadstools (D:4)
10 creatures vanquished.

Grand Total: 90 creatures vanquished

Notes
Turn   | Place    | Note
-------+----------+-------------------------------------------
     0 | D:1      | bilbop the Minotaur Fighter began the quest for the Orb.
     0 | D:1      | Reached XP level 1. HP: 19/19 MP: 0/0
    94 | D:1      | Found a faded altar of an unknown god.
   118 | D:1      | Found Rar Ulot's Weapon Shop.
   310 | D:1      | Reached XP level 2. HP: 27/27 MP: 1/1
  1124 | D:2      | Reached XP level 3. HP: 19/33 MP: 2/2
  1650 | D:2      | Reached XP level 4. HP: 40/40 MP: 3/3
  2005 | D:3      | Found Zin's Purification Station.
  2005 | D:3      | Found a glowing silver altar of Zin.
  2405 | D:3      | Reached XP level 5. HP: 41/47 MP: 4/4
  2547 | D:3      | Noticed Ijyb
  2566 | D:3      | Killed Ijyb
  3276 | D:4      | Reached skill level 5 in Maces & Flails
  3312 | D:4      | Noticed a necrophage
  3325 | D:4      | Killed a necrophage
  3326 | D:4      | Reached skill level 5 in Fighting
  3326 | D:4      | Reached skill level 5 in Shields
  3326 | D:4      | Reached XP level 6. HP: 56/56 MP: 5/5
  3481 | D:4      | Reached skill level 5 in Armour
  3586 | D:4      | You fall into a shaft and drop 2 floors!
  3608 | D:6      | Slain by a wight

Illustrated notes

Levels and vault maps discovered:
D:1:      dpeg_arrival_tiny_a, layout_loops_ring,
          shapermc_ecumenical_altar_mp_vishouse, serial_shops, shop
D:2:      layout_basic
D:3:      layout_rooms, zin_purify, serial_forest, infiniplex_forest_straight_2,
          infiniplex_forest_clump_diagonal, infiniplex_forest_clump_long,
          infiniplex_forest_end_1, infiniplex_forest_straight_4,
          infiniplex_forest_clump_large, infiniplex_forest_corner_1,
          infiniplex_forest_lined_room_, infiniplex_forest_clump_small,
          uniq_ijyb
D:4:      cheibrodos_fertilizer, layout_basic
D:6:      layout_rooms, grunt_qazlal_clouds, trog_hazing_becter, tso_altar,
          portal_sewer_entry_e

Skill      XL: |  1  2  3  4  5  6 |
---------------+-------------------+-----
Maces & Flails | 3 4 5 |  5.9
Fighting       | 4 5 |  5.3
Armour         | 4 5 |  5.2
Shields        | 4 5 |  5.3

Action                   |  1- 3 |  4- 6 || total
-------------------------+-------+-------++-------
Melee: Flail             |    78 |       ||    78
       Headbutt          |    11 |    77 ||    88
       Whip              |    20 |   272 ||   292
Armor: Scale mail        |    37 |       ||    37
       Plate armour      |    17 |    79 ||    96
Dodge: Dodged            |    34 |    46 ||    80
Block: Kite shield       |    65 |    89 ||   154

Table legend: (Time is in decaauts)
 A = Elapsed time spent in this place.
 B = Non-inter-level travel time spent in this place.
 C = Inter-level travel time spent in this place.
 D = Time resting spent in this place.
 E = Time spent auto-exploring this place.
 F = Levels seen in this place.
 G = Mean time per level.
                   A        B        C        D        E       F      G
               +--------+--------+--------+--------+--------+-----+--------+
         Total |   3666 |   3546 |    120 |    431 |   2411 |   5 |  733.2 |
       Dungeon |   3666 |   3546 |    120 |    431 |   2411 |   5 |  733.2 |
               +--------+--------+--------+--------+--------+-----+--------+

Top non-repeatable levels by time:
     D:2: 1428 daAuts
     D:3: 883 daAuts
     D:1: 845 daAuts
     D:4: 488 daAuts
     D:6: 21 daAuts
